 Dungeon Crawl Stone Soup version 0.27.1-3-gb3d3a73c9e (webtiles) character file.

Game seed: 13568780995312447766

1011 Crownlay the Chiller (level 8, -6/58 HPs)
             Began as a Gnoll Ice Elementalist on Oct 18, 2021.
             Mangled by Duvessa (8 damage)
             ... on level 6 of the Dungeon.
             The game lasted 00:07:05 (6022 turns).

Crownlay the Chiller (Gnoll Ice Elementalist)       Turns: 6022, Time: 00:07:06

Health: -6/58      AC: 13    Str:  7    XL:     8   Next: 21%
Magic:  9/16       EV: 14    Int: 16    God:
Gold:   25         SH:  0    Dex: 14    Spells: 4/18 levels left

rFire    + . .     SeeInvis .   d - +2 dagger (venom)
rCold    . . .     Faith    .   (no shield)
rNeg     . . .     Spirit   .   a - +0 robe
rPois    .         Reflect  .   i - +0 helmet
rElec    .         Harm     .   j - +0 cloak
rCorr    .         Rampage  .   (no gloves)
Will     +....                  t - +1 pair of boots
Stlth    +++.......             (no amulet)
HPRegen  0.19/turn              m - ring of willpower
MPRegen  0.15/turn              p - ring of protection from fire

@: ice-armoured, freezing walls
A: fangs 1, strong nose, distributed training
a: no special abilities


You were on level 6 of the Dungeon.
You visited 1 branch of the dungeon, and saw 6 of its levels.

You collected 313 gold pieces.
You spent 288 gold pieces at shops.

Inventory:

Hand Weapons
 d - a +2 dagger of venom (weapon)
Armour
 a - a +0 robe (worn)
 i - a +0 helmet (worn)
 j - a +0 cloak (worn)
 t - a +1 pair of boots (worn)
Jewellery
 m - a ring of willpower (left hand)
 p - a ring of protection from fire (right hand)
Wands
 o - a wand of acid (11)
Scrolls
 e - 6 scrolls of teleportation
 g - a scroll of blinking {unknown}
 k - 3 scrolls of amnesia
 l - a scroll of fear {unknown}
 n - a scroll of magic mapping
 q - 3 scrolls of identify
 r - a scroll of noise {unknown}
 u - a scroll of enchant armour {unknown}
Potions
 b - 2 potions of mutation {unknown}
 c - 5 potions of lignification
 f - a potion of might {unknown}
 s - a potion of heal wounds {unknown}


   Skills:
 + Level 3.0 Fighting
 + Level 3.0 Short Blades
 + Level 3.0 Long Blades
 + Level 3.0 Axes
 + Level 3.0 Maces & Flails
 + Level 3.0 Polearms
 + Level 3.0 Staves
 + Level 3.0 Slings
 + Level 3.0 Bows
 + Level 3.0 Crossbows
 + Level 3.0 Throwing
 + Level 3.0 Armour
 + Level 5.5 Dodging
 + Level 5.2 Stealth
 + Level 3.0 Shields
 + Level 3.0 Unarmed Combat
 + Level 5.9 Spellcasting
 + Level 2.4 Conjurations
 + Level 2.4 Hexes
 + Level 2.4 Summonings
 + Level 2.4 Necromancy
 + Level 2.4 Translocations
 + Level 2.4 Transmutations
 + Level 2.4 Fire Magic
 + Level 7.6 Ice Magic
 + Level 2.4 Air Magic
 + Level 2.4 Earth Magic
 + Level 2.4 Poison Magic
 + Level 3.3 Invocations
 + Level 3.0 Evocations


You had 4 spell levels left.
You knew the following spells:

 Your Spells              Type           Power      Damage    Failure   Level
a - Freeze                Ice            100%       1d11      1%          1
b - Frozen Ramparts       Ice            58%        1d7       1%          3
c - Ozocubu's Armour      Ice            29%        N/A       1%          3
d - Ozocubu's Refrigerat  Ice            14%        4d7       99%         7

Your spell library contained the following spells:

 Spells                   Type           Power      Damage    Failure   Level
 Tukima's Dance           Hex            12%        N/A       16%         3
 Hailstorm                Conj/Ice       20%        3d6       17%         4
 Passage of Golubria      Tloc           N/A        N/A       45%         4
 Bolt of Magma            Conj/Fire/Erth 6%         4d6       80%         5
 Fireball                 Conj/Fire      6%         3d5       80%         5
 Yara's Violent Unravell  Hex/Tmut       6%         3d5       80%         5
 Simulacrum               Ice/Necr       10%        N/A       95%         6


Dungeon Overview and Level Annotations

Branches:
Dungeon (6/15)
 Temple: D:4-7

Altars:
Cheibriados
Makhleb
Qazlal
Sif Muna
Vehumet
Wu Jian
Yredelemnul
The Shining One

Shops:
D:4 :

Annotations:
D:6 Duvessa


Innate Abilities, Weirdness & Mutations

You have very sharp teeth.
Your uncanny sense of smell can sniff out nearby items.
Your experience applies equally to all skills.


Message History

r - Retreat! s - Stop attacking. g - Guard the area. f - Follow me.
Anything else - Cancel.
Okay, then.
Duvessa hits you with a +0 rapier.
Casting: Ozocubu's Armour (safe; 1% risk of failure)
Confirm with . or Enter, or press ? or * to list all spells.
Casting: Frozen Ramparts (safe; 1% risk of failure)
Press: ? - help, Dir - look around, f - activate The walls around you are covered in ice.
The wall freezes Duvessa.
Duvessa hits you with a +0 rapier!
Casting: Frozen Ramparts (safe; 1% risk of failure)
Confirm with . or Enter, or press ? or * to list all spells.
A film of ice covers your body!
The wall freezes Duvessa.
Duvessa misses you.
The wall freezes Duvessa.
Duvessa closely misses you.
You closely miss Duvessa. Your punch misses Duvessa.
Duvessa is lightly wounded.
The wall freezes Duvessa.
Duvessa closely misses you.
You hit Duvessa.
Duvessa is poisoned.
Duvessa is moderately wounded.
The wall freezes Duvessa.
Duvessa barely misses you.
You hit Duvessa but do no damage.
Duvessa looks as sick as possible!
You bite Duvessa, but do no damage.
Duvessa is moderately wounded.
The wall freezes Duvessa.
Duvessa hits you with a +0 rapier!
The wall freezes Duvessa.
Duvessa misses you.
You are too injured to fight recklessly!
You are too injured to fight recklessly!
You hit Duvessa but do no damage.
Duvessa looks as sick as possible!
Duvessa is moderately wounded.
The wall freezes Duvessa.
Duvessa hits you with a +0 rapier!
* * * LOW HITPOINT WARNING * * *
You feel better.
The wall freezes Duvessa.
Duvessa hits you with a +0 rapier.
* * * LOW HITPOINT WARNING * * *
You completely miss Duvessa.
Duvessa is heavily wounded.
The wall freezes Duvessa.
Duvessa hits you with a +0 rapier!
* * * LOW HITPOINT WARNING * * *
The wall freezes Duvessa.
Duvessa hits you with a +0 rapier!
You die...

.#..........#
##..........##.....
####._......##
##.........##..†..
#.........##
##........##.....
##.........##
##....(..##.....
#.#........#
##......###.....
#...#......###.......#
#.....
##.##.......##).##..##
#..###
#..###.........######
#..#.. #.##
###...e@.## #.##.# ..
####...# #.#..# ...
#..##.# #####.....
...( #..## ##
#......... #..#
#......... #..#
#......... #.#
#......... ..
#......... ##........


You could see Duvessa (berserk, extremely poisoned).

Vanquished Creatures
  An ogre (D:4)
  A necrophage (D:3)
  A scorpion (D:4)
  A bullfrog (D:6)
  Dowan (D:6)
  4 killer bees (D:6)
  A howler monkey (D:6)
  A jelly (D:6)
  3 hounds (D:5)
  An orc priest (D:5)
  A bullfrog skeleton (D:4)
  3 iguanas
  A killer bee zombie (D:4)
  A hound skeleton (D:4)
  4 adders
  4 gnolls (D:4)
  2 ufetubi
  An adder skeleton (D:4)
  2 worms (D:3)
  3 dart slugs
  4 orcs
  3 endoplasms
  3 giant cockroaches
  9 goblins
  3 hobgoblins
  6 jackals
  6 kobolds
  3 quokkas
  4 ball pythons
  5 bats
  3 frilled lizards
  5 rats
91 creatures vanquished.

Notes
Turn   | Place    | Note
-------+----------+-------------------------------------------
     0 | D:1      | Crownlay the Gnoll Ice Elementalist began the quest for the
                  | Orb.
     0 | D:1      | Reached XP level 1. HP: 13/13 MP: 6/6
   266 | D:1      | Reached XP level 2. HP: 11/19 MP: 4/7
  1144 | D:2      | Reached skill level 5 in Spellcasting
  1144 | D:2      | Reached XP level 3. HP: 25/25 MP: 5/9
  1200 | D:2      | Reached skill level 1 in Invocations
  1424 | D:2      | Reached skill level 1 in Fighting
  1424 | D:2      | Reached skill level 1 in Short Blades
  1424 | D:2      | Reached skill level 1 in Long Blades
  1424 | D:2      | Reached skill level 1 in Axes
  1424 | D:2      | Reached skill level 1 in Maces & Flails
  1424 | D:2      | Reached skill level 1 in Polearms
  1424 | D:2      | Reached skill level 1 in Staves
  1424 | D:2      | Reached skill level 1 in Slings
  1424 | D:2      | Reached skill level 1 in Bows
  1424 | D:2      | Reached skill level 1 in Crossbows
  1424 | D:2      | Reached skill level 1 in Throwing
  1424 | D:2      | Reached skill level 1 in Armour
  1424 | D:2      | Reached skill level 1 in Shields
  1424 | D:2      | Reached skill level 1 in Unarmed Combat
  1424 | D:2      | Reached skill level 1 in Evocations
  1430 | D:2      | Learned a level 3 spell: Frozen Ramparts
  1434 | D:2      | Learned a level 3 spell: Ozocubu's Armour
  2223 | D:3      | Found a faded altar of an unknown god.
  2317 | D:3      | Reached XP level 4. HP: 31/32 MP: 8/11
  2378 | D:3      | Noticed a necrophage
  2398 | D:3      | Killed a necrophage
  2399 | D:3      | Reached skill level 1 in Conjurations
  2399 | D:3      | Reached skill level 1 in Hexes
  2399 | D:3      | Reached skill level 1 in Summonings
  2399 | D:3      | Reached skill level 1 in Necromancy
  2399 | D:3      | Reached skill level 1 in Translocations
  2399 | D:3      | Reached skill level 1 in Transmutations
  2399 | D:3      | Reached skill level 1 in Fire Magic
  2399 | D:3      | Reached skill level 1 in Air Magic
  2399 | D:3      | Reached skill level 1 in Earth Magic
  2399 | D:3      | Reached skill level 1 in Poison Magic
  2399 | D:3      | Reached XP level 5. HP: 23/37 MP: 4/12
  2846 | D:3      | Found a shimmering blue altar of Sif Muna.
  3125 | D:3      | Found an ornate altar of the Wu Jian Council.
  3171 | D:4      | Noticed an ogre
  3178 | D:4      | Killed an ogre
  3179 | D:4      | Reached XP level 6. HP: 20/44 MP: 6/13
  3514 | D:4      | Reached skill level 5 in Dodging
  4059 | D:4      | Found a glowing golden altar of the Shining One.
  4087 | D:4      | Found Difreghe's Book Emporium.
  4120 | D:4      | Reached XP level 7. HP: 49/50 MP: 5/15
  4372 | D:5      | Entered Level 5 of the Dungeon
  4640 | D:5      | Found a burning altar of Makhleb.
  4907 | D:5      | Found a stormy altar of Qazlal.
  5377 | D:4      | Bought Ozocubu's Autobiography for 288 gold pieces
  5385 | D:4      | Learned a level 7 spell: Ozocubu's Refrigeration
  5420 | D:6      | Reached skill level 5 in Stealth
  5670 | D:6      | Found a radiant altar of Vehumet.
  5672 | D:6      | Got the Incunabulum of the Volcanoes and Ice
  5676 | D:6      | Found a snail-covered altar of Cheibriados.
  5679 | D:6      | Found a basalt altar of Yredelemnul.
  5715 | D:6      | Reached XP level 8. HP: 51/57 MP: 9/16
  5970 | D:6      | Noticed Dowan
  5993 | D:6      | Killed Dowan
  6006 | D:6      | Noticed Duvessa
  6022 | D:6      | HP: 2/58 [Duvessa (9)]
  6022 | D:6      | Mangled by Duvessa

Illustrated notes

Levels and vault maps discovered:
D:1:      zaba_arrival_water, layout_rooms
D:2:      layout_basic, eino_tiny_chamber
D:3:      layout_basic, lemuel_coloured_pillars_altar,
          mainiacjoe_overflow_alcove_1, ebering_ecumenical_altar_abandoned
D:4:      layout_rooms, nicolae_overflow_hidden_temple, serial_shops,
          nicolae_take_the_stairs, corexii_checkpoint_a
D:5:      layout_loops_corners, makhleb_heckhound_becter,
          grunt_qazlal_sundering, kennysheep_generic_room_16
D:6:      layout_cave_pods, grunt_temple_overflow_open, minmay_misc_feat_square,
          uniq_duvessa

Skill      XL: |  1  2  3  4  5  6  7  8 |
---------------+-------------------------+-----
Spellcasting   | 5 |  5.9
Invocations    | 1 2 3 |  3.3
Fighting       | 1 2 3 |  3.0
Short Blades   | 1 2 3 |  3.0
Long Blades    | 1 2 3 |  3.0
Axes           | 1 2 3 |  3.0
Maces & Flails | 1 2 3 |  3.0
Polearms       | 1 2 3 |  3.0
Staves         | 1 2 3 |  3.0
Slings         | 1 2 3 |  3.0
Bows           | 1 2 3 |  3.0
Crossbows      | 1 2 3 |  3.0
Throwing       | 1 2 3 |  3.0
Armour         | 1 2 3 |  3.0
Shields        | 1 2 3 |  3.0
Unarmed Combat | 1 2 3 |  3.0
Evocations     | 1 2 3 |  3.0
Conjurations   | 1 2 |  2.4
Hexes          | 1 2 |  2.4
Summonings     | 1 2 |  2.4
Necromancy     | 1 2 |  2.4
Translocations | 1 2 |  2.4
Transmutations | 1 2 |  2.4
Fire Magic     | 1 2 |  2.4
Air Magic      | 1 2 |  2.4
Earth Magic    | 1 2 |  2.4
Poison Magic   | 1 2 |  2.4
Dodging        | 5 |  5.5
Stealth        | 5 |  5.2
Ice Magic      | |  7.6

Action                   |  1- 3 |  4- 6 |  7- 9 || total
-------------------------+-------+-------+-------++-------
Melee: Dagger            |    36 |   109 |    74 ||   219
       Bite              |     4 |    14 |     7 ||    25
 Cast: Freeze            |    26 |    11 |    10 ||    47
       Frozen Ramparts   |       |     9 |     4 ||    13
       Ozocubu's Armour  |       |     6 |     3 ||     9
  Use: Scroll            |     3 |     1 |     1 ||     5
       Potion            |       |       |     2 ||     2
 Stab: Sleeping          |     2 |     2 |     4 ||     8
Armor: Robe              |     3 |    36 |    22 ||    61
Dodge: Dodged            |    34 |    84 |    60 ||   178
